 Dungeon Crawl Stone Soup version 0.20.1-1-g8b1a95d (webtiles) character file.

36 grizmgrazm2 the Sneak (level 3, -5/24 HPs)
             Began as a Vampire Enchanter on Oct 8, 2017.
             Slain by a worm (8 damage)
             ... on level 3 of the Dungeon.
             The game lasted 00:04:45 (1640 turns).

grizmgrazm2 the Sneak (Vampire Enchanter)           Turns: 1640, Time: 00:04:46

Health: -5/24      AC:  2    Str:  7    XL:     3   Next: 19%
Magic:  1/6        EV: 13    Int: 18    God:
Gold:   77         SH:  0    Dex: 14    Spells: 3/6 levels left

rFire    . . .     SeeInvis +   a - +1 dagger
rCold    + . .     Gourm    .   (no shield)
rNeg     + + .     Faith    .   b - +0 robe
rPois    +         Spirit   .   (no helmet)
rElec    .         Reflect  .   (no cloak)
rCorr    .         Harm     .   (no gloves)
MR       .....                  (no boots)
Stlth    ++++......             (no amulet)
Regen    0.1/turn               (no ring)
MPRegen  0.1/turn               (no ring)

@: very slightly contaminated, regenerating slowly
A: fangs 3, see invisible, unbreathing
a: Bat Form


You were on level 3 of the Dungeon.
You were near bloodless.

You visited 1 branch of the dungeon, and saw 3 of its levels.

You collected 77 gold pieces.

Inventory:

Hand Weapons
 a - a +1 dagger (weapon)
Armour
 b - a +0 robe (worn)
Jewellery
 i - an uncursed amulet of magic regeneration {unknown}
Scrolls
 f - a scroll of immolation {unknown}
 k - 2 scrolls of identify {unknown}
 l - a scroll of fog {unknown}
Potions
 d - 2 potions of blood
 e - a potion of heal wounds {unknown}
 g - a potion of berserk rage {unknown}
 h - a potion of resistance {unknown}
 j - a potion of haste {unknown}
Books
 c - a book of Maledictions

   Spells                             Type                      Level
   a - Corona                         Hexes                        1
   b - Ensorcelled Hibernation        Hexes/Ice                    2
   c - Confuse                        Hexes                        3
   d - Tukima's Dance                 Hexes                        3
   e - Dazzling Spray                 Conjuration/Hexes            3


   Skills:
 + Level 1.2 Short Blades
 + Level 2.6 Dodging
 + Level 5.5 Stealth
 + Level 2.2 Spellcasting
 + Level 4.5 Hexes
 + Level 0.4 Ice Magic


You had 3 spell levels left.
You knew the following spells:

 Your Spells              Type           Power        Failure   Level  Hunger
a - Ensorcelled Hibernat  Hex/Ice        ##....       10%         2    ##.....
b - Corona                Hex            ###....      2%          1    #......


Dungeon Overview and Level Annotations

Branches:
Dungeon (3/15)

Altars:
Dithmenos
Kikubaaqudgha
Makhleb
Vehumet
Xom


Innate Abilities, Weirdness & Mutations

You heal slowly.
You have razor-sharp teeth.
You have supernaturally acute eyesight. (SInv)
You can survive without breathing.


Message History

Casting: Ensorcelled Hibernation
Confirm with . or Enter, or press ? or * to list all spells.
Aiming: Corona
Press: ? - help, Shift-Dir - straight line, f/p - worm
Aim: a worm (chance to defeat MR: 65%)
The worm is outlined in light.
The hobgoblin hits you with a club.
You barely miss the hobgoblin. The hobgoblin completely misses you.
You hit the hobgoblin but do no damage. The worm misses you.
The hobgoblin closely misses you.
You hit the hobgoblin.
The hobgoblin is heavily wounded.
The hobgoblin closely misses you.
You hit the hobgoblin.
The hobgoblin is almost dead.
The worm bites you. The hobgoblin hits you with a club.
* * * LOW HITPOINT WARNING * * *
You hit the hobgoblin but do no damage.
The hobgoblin is almost dead.
The worm bites you!
You die...

#.# ###. #.# #..
#########.# #.#
#.........#+####.#
#................#
#................#
####'###.........####
#g# #.............
#@# #........#####
#w# #..g...[.!. #.
#.# ###########.#.
#.# #. #.# #. #.# #.
#.# #. #.# #. #.# #.


You could see a worm and a hobgoblin.

Vanquished Creatures
  An adder (D:2)
  2 worms
  A leopard gecko (D:2)
  2 ball pythons
  A giant cockroach (D:1)
  2 hobgoblins
  2 bats (D:2)
  2 frilled lizards (D:1)
  3 goblins
  4 kobolds
  A rat (D:2)
21 creatures vanquished.

Notes
Turn   | Place    | Note
-------+----------+-------------------------------------------
     0 | D:1      | grizmgrazm2 the Vampire Enchanter began the quest for the Orb.
     0 | D:1      | Reached XP level 1. HP: 13/13 MP: 3/3
   541 | D:1      | Reached XP level 2. HP: 19/19 MP: 3/5
   545 | D:1      | Learned a level 2 spell: Ensorcelled Hibernation
   916 | D:2      | Reached skill level 5 in Stealth
  1341 | D:2      | Found a shimmering altar of Xom.
  1356 | D:2      | Reached XP level 3. HP: 24/24 MP: 3/6
  1406 | D:2      | Found an ancient bone altar of Kikubaaqudgha.
  1408 | D:2      | Found a shadowy altar of Dithmenos.
  1410 | D:2      | Found a burning altar of Makhleb.
  1410 | D:2      | Found a radiant altar of Vehumet.
  1640 | D:3      | Slain by a worm

Skill      XL: |  1  2 |
---------------+-------+-----
Stealth        | 5 |  5.5
Short Blades   | |  1.2
Dodging        | |  2.6
Spellcasting   | |  2.2
Hexes          | |  4.5
Ice Magic      | |  0.4

Action                   || total
-------------------------++-------
Melee: Dagger            ||    61
       Bite              ||     2
 Cast: Corona            ||     8
       Ensorcelled Hiber ||    15
 Abil: End Transformatio ||     2
       Bat Form          ||     2
 Stab: Sleeping          ||    12
Armor: Robe              ||     9
Dodge: Dodged            ||    41
